 Dungeon Crawl Stone Soup version 0.32-a0-128-g77eb882913 (webtiles) character file.

Game seed: 6633698410292527983

125 zeratav the Trooper (level 5, -11/38 HPs)
             Began as an Octopode Shapeshifter on Feb 8, 2024.
             Mangled by an ogre
             ... wielding a +0 giant club
              (16 damage)
             ... on level 7 of the Dungeon.
             The game lasted 00:05:13 (2910 turns).

zeratav the Trooper (Octopode Shapeshifter)         Turns: 2910, Time: 00:05:13

Health: -11/38     AC:  5    Str: 15    XL:     5   Next: 9%
Magic:  14/14      EV: 13    Int: 12    God:
Gold:   160        SH:  0    Dex: 12    Spells: 4/4 levels left

rFire   . .          .
                       - Unarmed
rCold   . . .        (no shield)
rNeg    + + .        (helmet currently unavailable)
rPois   .            (no amulet)
rElec   .            h - ring of positive energy
rCorr   +            i - ring of magical power
SInv    .            l - ring of resist corrosion
Will    .....        m - +4 ring of protection
Stlth   +++          n - ring of positive energy
HPRegen 0.26/turn    (no ring)
MPRegen 0.14/turn    (no ring)
                     (no ring)

%: no passive effects
@: beast-form
A: beast (slay +1), almost no armour, amphibious, 8 rings, camouflage 1,
gelatinous body 1, nimble swimmer 1, tentacles
a: Begin Untransformation


You were on level 7 of the Dungeon.
You were a hulking beast.
You visited 1 branch of the dungeon, and saw 5 of its levels.

You collected 160 gold pieces.


Innate Abilities, Weirdness & Mutations

You are a hulking beast.
Your limbs bulge with bestial killing power. (Slay +1)
You cannot wear most types of armour.
You are amphibious.
You can wear up to eight rings at the same time.
Your skin changes colour to match your surroundings (Stealth+).
Your rubbery body absorbs attacks. (AC +1, EV +1)
You are camouflaged when in or above water. (Stealth+)
You have tentacles for arms and can constrict up to eight enemies at once.


   Skills:
 + Level 4.7 Fighting
 - Level 2.0 Dodging
 - Level 3.0 Unarmed Combat
 - Level 3.0 Shapeshifting


You had 4 spell levels left.
You didn't know any spells.
Your spell library contained the following spells:

 Spells                   Type           Power      Damage    Failure   Level
 Sting                    Conj/Alch      0%         1d3       32%         1
 Mercury Vapours          Alch/Air       0%         N/A       45%         2
 Inner Flame              Hex/Fire       0%         N/A       69%         3
 Stone Arrow              Conj/Erth      0%         3d7       69%         3
 Volatile Blastmotes      Fire/Tloc      0%         2d10      69%         3
 Flame Wave               Conj/Fire      0%         2d4       97%         4
 Fulminant Prism          Conj/Alch      0%         3d5       97%         4
 Iskenderun's Mystic Bla  Conj/Tloc      0%         2d3       97%         4
 Olgreb's Toxic Radiance  Alch           0%         N/A       97%         4
 Sticky Flame             Fire/Alch      0%         2d4       97%         4
 Lehudib's Crystal Spear  Conj/Erth      0%         10d2      100%        8
 Animate Armour           Summ/Erth      Unusable   N/A       N/A         4

Inventory:

Jewellery
 h - a ring of positive energy (left tentacle)
   (You found it on level 1 of the Dungeon)
 i - a ring of magical power (right tentacle)
   (You found it on level 2 of the Dungeon)
 l - a ring of resist corrosion (on tentacle)
   (You found it on level 3 of the Dungeon)
 m - a +4 ring of protection (on tentacle)
   (You found it on level 3 of the Dungeon)
 n - a ring of positive energy (on tentacle)
   (You found it on level 3 of the Dungeon)
Talismans
 b - a beast talisman (active)
 c - a flux talisman
Scrolls
 d - 2 scrolls of identify {@r1}
 f - a scroll of enchant weapon
 k - a scroll of amnesia {unknown}
 p - a scroll of poison {unknown}
Potions
 a - 2 potions of lignification {!q}
 e - a potion of resistance {unknown}
 g - 2 potions of curing {unknown}
 j - a potion of ambrosia {unknown}
 o - a potion of heal wounds {unknown}
 q - a potion of invisibility {unknown}

Dungeon Overview and Level Annotations

Branches:
Dungeon (4/15) Zot: 26558
 Temple: D:4-7

Altars:
Makhleb
Trog
Zin

Annotations:
D:4 Dowan, Duvessa

######## ###......#
#..O####.# #'######.#
##...≈##.### ###
#...≈#...?# #.#
#...≈#....# #.#
#.O.≈#....# #.#
#≈≈h≈#....# #.#
######'....# #.#
#..........# #.#
#.##.......# #.#####
#.####'########......
#....................
#.####.###.........##
#........'.........'.
#.####.###.........##


You could see an ogre.


Message History

Found a bloodstained altar of Trog.
o - a pink potion An orc comes into view.
It is wielding a +0 whip.
You see here a book of Armaments.
You pick up a book of Armaments and begin reading...
You add the spells Stone Arrow and Lehudib's Crystal Spear to your library.
The orc shouts!
The orc hits you with a +0 whip.
HP[-4]
You take 4 damage, and now have 34/38 hp.
You tentacle-slap the orc. You grab the orc. You squeeze the orc.
You kill the orc!
HP[+1]
Things that are here:
a +0 whip {mace}; a +0 leather armour You start resting.
HP[+3]
Your hp is fully restored (38).
Things that are here:
a +0 whip {mace}; a +0 leather armour You open the door.
There is an open door here.
p - a scroll labelled LOTHUNUA HOPE
q - a black potion An ogre comes into view.
It is wielding a +0 giant club.
There is an open door here.
Something unseen opens the large door.
The ogre shouts!
You open the door.
There is an open door here.
You close the door.
There is an open door here.
You close the door.
Something unseen breaks down the door.
There is an open door here.
You close the door.
You now have 160 gold pieces (gained 17).
The ogre attacks as it pursues you! The ogre barely misses you.
There is an open door here.
The ogre attacks as it pursues you! The ogre barely misses you.
There is an open door here.
You enter the deep water.
You open the door.
There is an open door here.
There is an open door here.
You enter the deep water.
There is an open door here.
There is an open door here.
A black bear comes into view.
The black bear growls angrily.
Found a stone staircase leading up.
An orc comes into view. It is wielding a +0 flail.
You see here a ring of magical power.
The black bear attacks as it pursues you!
The black bear bites you!
The black bear claws you but does no damage.
The black bear claws you.
HP[-9]
You take 9 damage, and now have 29/38 hp.
MASSIVE DAMAGE!! (PAUSE) HP[+1] HP[+1] HP[+1]
There is an open door here.
HP[+1]
There is an open door here.
HP[+1] HP[+1]
The black bear bites you. The black bear closely misses you.
The black bear claws you.
HP[-7]
You take 7 damage, and now have 28/38 hp.
The black bear misses you. The black bear claws you.
The black bear closely misses you.
HP[-2]
You take 2 damage, and now have 26/38 hp.
The black bear bites you.
The black bear claws you but does no damage. x2
The black bear attacks as it pursues you!
The black bear bites you. The black bear closely misses you.
The black bear barely misses you.
HP[-5]
You take 5 damage, and now have 21/38 hp.
There is an open door here.
You enter the deep water.
The ogre barely misses you.
HP[+1]
The ogre misses you. The ogre attacks as it pursues you!
The ogre hits you with a +0 giant club!!
* * * LOW HITPOINT WARNING * * *
HP[-18]
You take 18 damage, and now have 4/38 hp.
MASSIVE DAMAGE!! (PAUSE)
As you read the scroll labelled BEKHLE NEALUOCYDO, it crumbles to dust.
It is a scroll of identify.
f - a scroll of enchant weapon The ogre misses you.
HP[+1]
The ogre hits you with a +0 giant club!
You die...

Skill      XL: |  1  2  3  4 |
---------------+-------------+-----
Fighting       | 2 3 4 |  4.7
Dodging        | |  2.0
Unarmed Combat | |  3.0
Shapeshifting  | |  3.0

Action                     |  1- 3 |  4- 6 || total
---------------------------+-------+-------++-------
  Melee: Unarmed           |    72 |    28 ||   100
         Constrict         |    19 |    10 ||    29
         Tentacles         |    15 |    11 ||    26
         Punch             |     4 |     1 ||     5
    Use: Scroll            |       |     1 ||     1
   Stab: Sleeping          |     5 |       ||     5
 Armour: Skin              |    26 |    24 ||    50
  Dodge: Dodged            |    37 |    19 ||    56
   Form: Beast             |       |     2 ||     2
                           |       |     1 ||     1

Levels and vault maps discovered:
D:1:      wander_arrival_lonely_grave, layout_basic
D:2:      layout_loops_corners, hellmonk_ecumenical_altar_watching_god,
          grunt_decor_mini_mirrors
D:3:      layout_loops_ring, chequers_serial_rivers_micro_e
D:4:      layout_basic, uniq_natasha, uniq_grinder, uniq_duvessa
D:7:      layout_basic, grunt_temple_overflow_open,
          minmay_temple_entry_from_below_a, chequers_serial_rivers_room_a,
          kennysheep_another_room

Notes
Turn   | Place    | Note
-------+----------+-------------------------------------------
     0 | D:1      | zeratav the Octopode Shapeshifter began the quest for the
                  | Orb.
     0 | D:1      | Reached XP level 1. HP: 13/13 MP: 1/1
     0 | D:1      | magus.rc [v1.9.6]
   145 | D:1      | Reached skill level 2 in Fighting
   145 | D:1      | Reached XP level 2. HP: 19/19 MP: 2/2
   341 | D:1      | Reached XP level 3. HP: 25/25 MP: 3/3
   360 | D:1      | You pick up a book of Flames and begin reading...
   360 | D:1      | You add the spells Inner Flame, Sticky Flame and Flame Wave
                  | to your library.
   435 | D:1      | Reached skill level 3 in Fighting
   994 | D:2      | Noticed an eye of devastation
   998 | D:2      | Found a faded altar of an unknown god.
   999 | D:2      | Noticed a golden eye
   999 | D:2      | Noticed a glass eye
   999 | D:2      | Noticed a great orb of eyes
  1599 | D:3      | You pick up a book of Blasting and begin reading...
  1599 | D:3      | You add the spells Volatile Blastmotes, Fulminant Prism and
                  | Iskenderun's Mystic Blast to your library.
  1712 | D:3      | You add the spells Sting, Mercury Vapours and Olgreb's
                  | Toxic Radiance to your library.
  1872 | D:3      | Reached XP level 4. HP: 10/33 MP: 4/4
  1873 | D:3      | HP: 8/33 [poisoned by an adder]
  2036 | D:3      | Reached skill level 4 in Fighting
  2337 | D:4      | Noticed Duvessa
  2402 | D:4      | Reached XP level 5. HP: 23/38 MP: 5/5
  2462 | D:4      | Noticed Dowan
  2469 | D:4      | You fall into a shaft and drop 3 floors!
  2629 | D:7      | Found a glowing silver altar of Zin.
  2632 | D:7      | Found a burning altar of Makhleb.
  2635 | D:7      | Found a bloodstained altar of Trog.
  2654 | D:7      | You pick up a book of Armaments and begin reading...
  2654 | D:7      | You add the spells Stone Arrow and Lehudib's Crystal Spear
                  | to your library.
  2726 | D:7      | Noticed an ogre
  2870 | D:7      | Noticed a black bear
  2907 | D:7      | HP: 4/38 [ogre/+0 giant club (18)]
  2910 | D:7      | Mangled by an ogre

Vanquished Creatures
  An orc priest (D:4)
  3 adders
  2 dart slugs (D:1)
  A ribbon worm (D:4)
  7 orcs
  9 ball pythons
  4 endoplasms
  3 goblins (D:1)
  6 hobgoblins
  3 kobolds (D:1)
  A quokka (D:1)
  2 bats
  5 frilled lizards
  6 rats
53 creatures vanquished.

Table legend:
 A = Non-vault XP
 B = Vault XP
 C = Vault XP percentage of total XP
 D = Non-vault monster count
 E = Vault monster count
 F = Vault count percentage of total count
                 A         B        C        D         E       F
            +---------+---------+-------+---------+---------+-------
      Total |     179 |       0 |   0.0 |      53 |       0 |   0.0
            +---------+---------+-------+---------+---------+-------
        D:1 |      41 |       0 |   0.0 |      23 |       0 |   0.0
        D:2 |      25 |       0 |   0.0 |       9 |       0 |   0.0
        D:3 |      43 |       0 |   0.0 |      12 |       0 |   0.0
        D:4 |      64 |       0 |   0.0 |       7 |       0 |   0.0
        D:7 |       6 |       0 |   0.0 |       2 |       0 |   0.0
            +---------+---------+-------+---------+---------+-------

Skill      XL: |  1  2  3  4 |
---------------+-------------+-----
Fighting       | 2 3 4 |  4.7
Dodging        | |  2.0
Unarmed Combat | |  3.0
Shapeshifting  | |  3.0

Action                     |  1- 3 |  4- 6 || total
---------------------------+-------+-------++-------
  Melee: Unarmed           |    72 |    28 ||   100
         Constrict         |    19 |    10 ||    29
         Tentacles         |    15 |    11 ||    26
         Punch             |     4 |     1 ||     5
    Use: Scroll            |       |     1 ||     1
   Stab: Sleeping          |     5 |       ||     5
 Armour: Skin              |    26 |    24 ||    50
  Dodge: Dodged            |    37 |    19 ||    56
   Form: Beast             |       |     2 ||     2
                           |       |     1 ||     1

Illustrated notes

Table legend:
 A = Kills in this place as a percentage of kills in the entire game.
 B = Kills by you in this place as a percentage of kills by you in the entire game.
 C = Kills by friends in this place as a percentage of kills by friends in the entire game.
 D = Other kills in this place as a percentage of other kills in the entire game.
 E = Experience gained in this place as a percentage of experience gained in the entire game.
 F = Experience gained in this place divided by the number of levels of this place that you have seen.
                   A       B       C       D       E      F
               +-------+-------+-------+-------+-------+----------------------
         Total | 100.0 | 100.0 |   N/A |   N/A | 100.0 |  35.8
       Dungeon | 100.0 | 100.0 |   N/A |   N/A | 100.0 |  35.8
               +-------+-------+-------+-------+-------+----------------------

Table legend: (Time is in decaauts)
 A = Elapsed time spent in this place.
 B = Non-inter-level travel time spent in this place.
 C = Inter-level travel time spent in this place.
 D = Time resting spent in this place.
 E = Time spent auto-exploring this place.
 F = Levels seen in this place.
 G = Mean time per level.
                   A        B        C        D        E       F      G
               +--------+--------+--------+--------+--------+-----+--------+
         Total |   2900 |   2851 |     49 |    187 |   1959 |   5 |  580.0 |
       Dungeon |   2900 |   2851 |     49 |    187 |   1959 |   5 |  580.0 |
               +--------+--------+--------+--------+--------+-----+--------+

Top non-repeatable levels by time:
     D:2: 860 daAuts
     D:3: 743 daAuts
     D:1: 723 daAuts
     D:7: 440 daAuts
     D:4: 132 daAuts
